NCAA
NORTH CAROLINA STATE WOLFPACK @ ARIZONA STATE SUN DEVILS
04/05/2029
 
TOP OF THE 1ST
North Carolina State Wolfpack batting - Pitching for Arizona State Sun Devils : LHP Marvin Hill
Pitching: LHP Marvin Hill
Batting: LHB Steven Gregory 0-0: Ball
1-0: Foul Ball, location: 2F
1-1: Fly out, F9 (Flyball, 9S)
Batting: SHB Dave Williams 0-0: Swinging Strike
0-1: Ball
1-1: Swinging Strike
1-2: Foul Ball, location: 2F
1-2: Ball
2-2: Ground out 6-3 (Groundball, 6)
Batting: LHB Aaron Atkins 0-0: Ball
1-0: Foul Ball, location: 2F
1-1: Fly out, F6 (Popup, 6MS)
Top of the 1st over - 0 runs, 0 hits, 0 errors, 0 left on base; North Carolina State 0 - Arizona State 0
BOTTOM OF THE 1ST
Arizona State Sun Devils batting - Pitching for North Carolina State Wolfpack : RHP Lonnie Dodson
Pitching: RHP Lonnie Dodson
Batting: RHB Tim Oliver 0-0: Ball
1-0: Called Strike
1-1: Called Strike
1-2: Foul Ball, location: 2F
1-2: Ball
2-2: Strikes out looking
Batting: SHB Doyle Goodwin 0-0: Called Strike
0-1: Ball
1-1: Ball
2-1: Foul Ball, location: 2F
2-2: Foul Ball, location: 2F
2-2: Fly out, F3 (Line Drive, 34)
Batting: SHB Leonardo González 0-0: Ball
1-0: Called Strike
1-1: Ball
2-1: Ball
3-1: Foul Ball, location: 2F
3-2: Base on Balls
Batting: SHB Paul Davenport 0-0: Called Strike
0-1: Foul Ball, location: 2F
0-2: Ball
1-2: Foul Ball, location: 2F
1-2: Ball
2-2: Ball
3-2: Base on Balls
Leonardo González to second
Batting: LHB Juan Guzmán 0-0: Ball
1-0: Swinging Strike
1-1: Swinging Strike
1-2: Ball
2-2: Strikes out looking
Bottom of the 1st over - 0 runs, 0 hits, 0 errors, 2 left on base; North Carolina State 0 - Arizona State 0
TOP OF THE 2ND
North Carolina State Wolfpack batting - Pitching for Arizona State Sun Devils : LHP Marvin Hill
Batting: LHB John Fuller 0-0: Ground out 6-3 (Groundball, 6S)
Batting: LHB Ryan Cook 0-0: Called Strike
0-1: Foul Ball, location: 2F
0-2: Ball
1-2: Foul Ball, location: 2F
1-2: Ground out 6-3 (Groundball, 6)
Batting: RHB Chris Seals 0-0: Ball
1-0: Called Strike
1-1: Foul Ball, location: 2F
1-2: Ground out 6-3 (Groundball, 6)
Top of the 2nd over - 0 runs, 0 hits, 0 errors, 0 left on base; North Carolina State 0 - Arizona State 0
BOTTOM OF THE 2ND
Arizona State Sun Devils batting - Pitching for North Carolina State Wolfpack : RHP Lonnie Dodson
Batting: RHB Gil Gardner 0-0: Swinging Strike
0-1: Ball
1-1: Foul Ball, location: 2F
1-2: Ball
2-2: Strikes out swinging
Batting: LHB José Serrano 0-0: Ball
1-0: Ball
2-0: Called Strike
2-1: Ground out U3 (Groundball, 34S)
Batting: LHB Werner Fisher 0-0: Called Strike
0-1: Ball
1-1: Swinging Strike
1-2: Strikes out swinging
Bottom of the 2nd over - 0 runs, 0 hits, 0 errors, 0 left on base; North Carolina State 0 - Arizona State 0
TOP OF THE 3RD
North Carolina State Wolfpack batting - Pitching for Arizona State Sun Devils : LHP Marvin Hill
Batting: LHB Ramón Quintanilla 0-0: Ball
1-0: Ball
2-0: Ball
3-0: Called Strike
3-1: Called Strike
3-2: Base on Balls
Batting: LHB Stan Miller 0-0: Fly out, F7 (Flyball, 7S)
Batting: LHB Trent Harper 0-0: Called Strike
0-1: Foul Ball, location: 2F
0-2: Strikes out swinging
Batting: LHB Steven Gregory 0-0: Ball
1-0: Ball
2-0: Ball
3-0: Called Strike
3-1: Base on Balls
Ramón Quintanilla to second
Batting: SHB Dave Williams 0-0: Foul Ball, location: 2F
0-1: Swinging Strike
0-2: Ball
1-2: Strikes out swinging
Top of the 3rd over - 0 runs, 0 hits, 0 errors, 2 left on base; North Carolina State 0 - Arizona State 0
BOTTOM OF THE 3RD
Arizona State Sun Devils batting - Pitching for North Carolina State Wolfpack : RHP Lonnie Dodson
Batting: LHB Christian Lindsey 0-0: Called Strike
0-1: Foul Ball, location: 2F
0-2: Ball
1-2: Ball
2-2: Reached on error, E3 (Groundball, 34S)
Batting: RHB Tim Oliver 0-0: 2-RUN HOME RUN (Flyball, 8LXD), Distance : 397 ft
Batting: SHB Doyle Goodwin 0-0: Ball
1-0: Ball
2-0: Called Strike
2-1: Fly out, F6 (Flyball, 56D)
Batting: SHB Leonardo González 0-0: Called Strike
0-1: Ball
1-1: Ball
2-1: Ball
3-1: Foul Ball, location: 2F
3-2: Foul Ball, location: 2F
3-2: Strikes out swinging
Batting: SHB Paul Davenport 0-0: SINGLE (Line Drive, 89S)
Batting: LHB Juan Guzmán 0-0: Called Strike
0-1: Called Strike
0-2: Foul Ball, location: 2F
0-2: Ball
1-2: Ball
2-2: Ball
3-2: Strikes out swinging
Bottom of the 3rd over - 2 runs, 2 hits, 1 error, 1 left on base; North Carolina State 0 - Arizona State 2
TOP OF THE 4TH
North Carolina State Wolfpack batting - Pitching for Arizona State Sun Devils : LHP Marvin Hill
Batting: LHB Aaron Atkins 0-0: Ball
1-0: Called Strike
1-1: Swinging Strike
1-2: Foul Ball, location: 2F
1-2: Ball
2-2: SINGLE (Groundball, 34D)
Batting: LHB John Fuller 0-0: Foul Ball, location: 2F
0-1: Called Strike
0-2: Ball
1-2: Ball
2-2: Ball
3-2: Base on Balls
Aaron Atkins to second
Batting: LHB Ryan Cook 0-0: Swinging Strike
0-1: Ball
1-1: Swinging Strike
1-2: Foul Ball, location: 2F
1-2: TRIPLE (Line Drive, 78XD)
Aaron Atkins scores
John Fuller scores
Batting: RHB Chris Seals 0-0: Swinging Strike
0-1: Ball
1-1: SINGLE (Line Drive, 3)
Ryan Cook scores
Batting: LHB Ramón Quintanilla 0-0: Called Strike
0-1: Ball
1-1: SINGLE (Flyball, 34D)
Chris Seals to second
Runner from 2nd tries for 3rd, SAFE, throw made to third
Batting: LHB Stan Miller 0-0: SINGLE (Groundball, 34D)
Chris Seals scores
Ramón Quintanilla to second
Runner from 2nd tries for 3rd, OUT!
Batting: LHB Trent Harper 0-0: Called Strike
0-1: Ball
1-1: SINGLE (Flyball, 8RS)
Stan Miller to second
Batting: LHB Steven Gregory 0-0: SINGLE (Groundball, 6M) (infield hit)
Stan Miller to third
Trent Harper to second
Batting: SHB Dave Williams 0-0: Called Strike
0-1: Fly out, F8 (Flyball, 8RM)
Runner from 3rd tags up, SCORES, throw made
Batting: LHB Aaron Atkins 0-0: Called Strike
0-1: Ball
1-1: Foul Ball, location: 2F
1-2: Ball
2-2: SINGLE (Line Drive, 6MD)
Trent Harper to third
Steven Gregory to second
Runner from 3rd tries for Home, SAFE, throw made home
Batting: LHB John Fuller 0-0: Ball
1-0: Ball
2-0: Ball
3-0: Called Strike
3-1: Foul Ball, location: 2F
3-2: Strikes out swinging
Top of the 4th over - 6 runs, 8 hits, 0 errors, 2 left on base; North Carolina State 6 - Arizona State 2
BOTTOM OF THE 4TH
Arizona State Sun Devils batting - Pitching for North Carolina State Wolfpack : RHP Lonnie Dodson
Batting: RHB Gil Gardner 0-0: Called Strike
0-1: Foul Ball, location: 2F
0-2: Strikes out swinging
Batting: LHB José Serrano 0-0: Ball
1-0: Called Strike
1-1: Foul Ball, location: 2F
1-2: Strikes out swinging
Batting: LHB Werner Fisher 0-0: Ball
1-0: SINGLE (Groundball, 4MD)
Batting: LHB Christian Lindsey 0-0: Called Strike
0-1: Ball
1-1: Ball
Werner Fisher is caught stealing 2nd base
Bottom of the 4th over - 0 runs, 1 hit, 0 errors, 0 left on base; North Carolina State 6 - Arizona State 2
TOP OF THE 5TH
North Carolina State Wolfpack batting - Pitching for Arizona State Sun Devils : LHP Marvin Hill
Pitching: RHP Matt Warren
Batting: LHB Ryan Cook 0-0: Ball
1-0: Ball
2-0: Ball
3-0: Base on Balls
Batting: RHB Chris Seals 0-0: Ball
1-0: Foul Ball, location: 2F
1-1: Foul Ball, location: 2F
1-2: Foul Ball, location: 2F
1-2: Ball
2-2: Foul Ball, location: 2F
2-2: Ball
3-2: Strikes out swinging
Ryan Cook steals 2nd base
Batter strikes out.
Batting: LHB Ramón Quintanilla 0-0: Intentional Walk
Batting: LHB Stan Miller 0-0: Called Strike
0-1: Called Strike
0-2: Ball
1-2: Ball
2-2: SINGLE (Line Drive, 6D)
Ryan Cook to third
Ramón Quintanilla to second
Batting: LHB Trent Harper 0-0: Ball
1-0: Ball
2-0: Ball
3-0: Called Strike
3-1: Base on Balls
Ryan Cook scores
Ramón Quintanilla to third
Stan Miller to second
Batting: LHB Steven Gregory 0-0: Ball
1-0: Ball
2-0: Fielders Choice at 2nd, 4-6 (Groundball, 4M)
Ramón Quintanilla scores
Stan Miller to third
Batting: SHB Dave Williams 0-0: Ground out 4-3 (Groundball, 4)
Top of the 5th over - 2 runs, 1 hit, 0 errors, 2 left on base; North Carolina State 8 - Arizona State 2
BOTTOM OF THE 5TH
Arizona State Sun Devils batting - Pitching for North Carolina State Wolfpack : RHP Lonnie Dodson
Pitching: RHP Simon Fox
Batting: LHB Christian Lindsey 0-0: Called Strike
0-1: Ground out 4-3 (Groundball, 4)
Batting: RHB Tim Oliver 0-0: Ball
1-0: Ground out 5-3 (Groundball, 56)
Batting: SHB Doyle Goodwin 0-0: Ball
1-0: Ball
2-0: Called Strike
2-1: Swinging Strike
2-2: Strikes out swinging
Bottom of the 5th over - 0 runs, 0 hits, 0 errors, 0 left on base; North Carolina State 8 - Arizona State 2
TOP OF THE 6TH
North Carolina State Wolfpack batting - Pitching for Arizona State Sun Devils : RHP Matt Warren
Batting: LHB Aaron Atkins 0-0: Called Strike
0-1: Ball
1-1: Ball
2-1: Called Strike
2-2: Foul Ball, location: 2F
2-2: Strikes out swinging
Batting: LHB John Fuller 0-0: Foul Ball, location: 2F
0-1: Ball
1-1: SOLO HOME RUN (Flyball, 7LD), Distance : 336 ft
Batting: LHB Ryan Cook 0-0: Called Strike
0-1: Ball
1-1: Foul Ball, location: 2F
1-2: Hit by Pitch
Batting: RHB Chris Seals 0-0: Called Strike
0-1: Swinging Strike
0-2: Strikes out swinging
Batting: LHB Ramón Quintanilla 0-0: Called Strike
0-1: Ball
1-1: Swinging Strike
1-2: Ball
2-2: Ball
3-2: Foul Ball, location: 2F
3-2: Base on Balls
Ryan Cook to second
Batting: LHB Stan Miller 0-0: Called Strike
0-1: Swinging Strike
0-2: Strikes out swinging
Top of the 6th over - 1 run, 1 hit, 0 errors, 2 left on base; North Carolina State 9 - Arizona State 2
BOTTOM OF THE 6TH
Arizona State Sun Devils batting - Pitching for North Carolina State Wolfpack : RHP Simon Fox
Batting: SHB Leonardo González 0-0: Called Strike
0-1: Foul Ball, location: 2F
0-2: Ball
1-2: Foul Ball, location: 2F
1-2: Foul Ball, location: 2F
1-2: Ball
2-2: SINGLE (Line Drive, 9LS)
Batting: SHB Paul Davenport 0-0: Called Strike
0-1: Ball
1-1: Swinging Strike
1-2: 2-RUN HOME RUN (Flyball, 9LD), Distance : 331 ft
Batting: LHB Juan Guzmán 0-0: Called Strike
0-1: Ball
1-1: Ball
2-1: Foul Ball, location: 2F
2-2: Ball
3-2: DOUBLE (Line Drive, 9LM)
Batting: RHB Gil Gardner 0-0: Ball
1-0: Ground out 4-3 (Groundball, 34)
Juan Guzmán to third
Batting: LHB José Serrano 0-0: Ball
1-0: Foul Ball, location: 2F
1-1: Foul Ball, location: 2F
1-2: Ground out 4-3 (Groundball, 34)
Juan Guzmán scores
Pitching: RHP Tim Randell
Batting: LHB Werner Fisher 0-0: Called Strike
0-1: Ball
1-1: Foul Ball, location: 2F
1-2: Ball
2-2: Ball
3-2: Base on Balls
Batting: LHB Christian Lindsey 0-0: Ball
1-0: Called Strike
1-1: Swinging Strike
1-2: Strikes out swinging
Bottom of the 6th over - 3 runs, 3 hits, 0 errors, 1 left on base; North Carolina State 9 - Arizona State 5
TOP OF THE 7TH
North Carolina State Wolfpack batting - Pitching for Arizona State Sun Devils : RHP Matt Warren
Pitching: RHP Eric McCray
Batting: LHB Trent Harper 0-0: Ball
1-0: Ball
2-0: Ball
3-0: Foul Ball, location: 2F
3-1: Base on Balls
Batting: LHB Steven Gregory 0-0: Sac Bunt - play at first, batter OUT! 1-3
Trent Harper to second
Batting: SHB Dave Williams 0-0: Called Strike
0-1: Swinging Strike
0-2: Foul Ball, location: 2F
0-2: Ball
1-2: Foul Ball, location: 2F
1-2: Ball
2-2: Ball
3-2: Strikes out swinging
Batting: LHB Aaron Atkins 0-0: Ball
1-0: Ball
2-0: Ball
3-0: Called Strike
3-1: Foul Ball, location: 2F
3-2: Foul Ball, location: 2F
Balk!
Trent Harper to third
3-2: Base on Balls
Batting: LHB John Fuller 0-0: Called Strike
0-1: Ball
1-1: Fly out, F6 (Popup, 4MS)
Top of the 7th over - 0 runs, 0 hits, 0 errors, 2 left on base; North Carolina State 9 - Arizona State 5
BOTTOM OF THE 7TH
Arizona State Sun Devils batting - Pitching for North Carolina State Wolfpack : RHP Tim Randell
Batting: RHB Tim Oliver 0-0: SINGLE (Line Drive, 89M)
Batting: SHB Doyle Goodwin 0-0: Ball
1-0: Called Strike
1-1: Ball
2-1: Fly out, F8 (Flyball, 8LM)
Batting: SHB Leonardo González 0-0: Swinging Strike
0-1: Swinging Strike
0-2: Ball
1-2: Strikes out swinging
Batting: SHB Paul Davenport 0-0: Ball
Tim Oliver is caught stealing 2nd base
Bottom of the 7th over - 0 runs, 1 hit, 0 errors, 0 left on base; North Carolina State 9 - Arizona State 5
TOP OF THE 8TH
North Carolina State Wolfpack batting - Pitching for Arizona State Sun Devils : RHP Eric McCray
Batting: LHB Ryan Cook 0-0: Swinging Strike
0-1: DOUBLE (Line Drive, 9LM)
Batting: RHB Chris Seals 0-0: Called Strike
0-1: Foul Ball, location: 2F
0-2: Ball
1-2: Strikes out swinging
Batting: LHB Ramón Quintanilla 0-0: Intentional Walk
Batting: LHB Stan Miller 0-0: Called Strike
0-1: Swinging Strike
0-2: Foul Ball, location: 2F
0-2: SINGLE (Line Drive, 34)
Ryan Cook to third
Ramón Quintanilla to second
Runner from 3rd tries for Home, SAFE, throw made home
Batting: LHB Trent Harper 0-0: Called Strike
0-1: Ball
1-1: Swinging Strike
1-2: Strikes out swinging
Batting: LHB Steven Gregory 0-0: Swinging Strike
0-1: Ball
1-1: Foul Ball, location: 2F
1-2: Fly out, F9 (Flyball, 9S)
Top of the 8th over - 1 run, 2 hits, 0 errors, 2 left on base; North Carolina State 10 - Arizona State 5
BOTTOM OF THE 8TH
Arizona State Sun Devils batting - Pitching for North Carolina State Wolfpack : RHP Tim Randell
Now in LF: Héctor Meléndez
Now in RF: Alex Miller
Batting: SHB Paul Davenport 0-0: Called Strike
0-1: Ball
1-1: Ball
2-1: Ball
3-1: Foul Ball, location: 2F
3-2: SINGLE (Groundball, 4D)
Batting: LHB Juan Guzmán 0-0: Ball
1-0: Foul Ball, location: 2F
1-1: 2-RUN HOME RUN (Flyball, 9D), Distance : 342 ft
Pitching: LHP Brian Armstrong
Batting: RHB Gil Gardner 0-0: Ball
1-0: Foul Ball, location: 2F
1-1: Swinging Strike
1-2: Ball
2-2: Foul Ball, location: 2F
2-2: Ball
3-2: Foul Ball, location: 2F
3-2: Strikes out swinging
Batting: LHB José Serrano 0-0: Called Strike
0-1: Ball
1-1: Called Strike
1-2: Strikes out swinging
Batting: LHB Werner Fisher 0-0: Called Strike
0-1: Called Strike
0-2: Foul Ball, location: 2F
0-2: Ball
1-2: Ball
2-2: Ball
3-2: Base on Balls
Batting: LHB Christian Lindsey 0-0: Called Strike
0-1: Ball
1-1: Ball
2-1: Foul Ball, location: 2F
2-2: Strikes out looking
Bottom of the 8th over - 2 runs, 2 hits, 0 errors, 1 left on base; North Carolina State 10 - Arizona State 7
TOP OF THE 9TH
North Carolina State Wolfpack batting - Pitching for Arizona State Sun Devils : RHP Eric McCray
Batting: SHB Dave Williams 0-0: Ball
1-0: Called Strike
1-1: Called Strike
1-2: Strikes out swinging
Batting: LHB Aaron Atkins 0-0: SINGLE (Groundball, 6MD)
Batting: LHB John Fuller 0-0: Called Strike
0-1: Swinging Strike
0-2: Ball
1-2: Ball
2-2: Fielders Choice at 2nd, 6-4 (Groundball, 6)
Batting: LHB Ryan Cook 0-0: Ball
John Fuller is caught stealing 2nd base
Top of the 9th over - 0 runs, 1 hit, 0 errors, 0 left on base; North Carolina State 10 - Arizona State 7
BOTTOM OF THE 9TH
Arizona State Sun Devils batting - Pitching for North Carolina State Wolfpack : LHP Brian Armstrong
Pitching: RHP Frank Knight
Batting: RHB Tim Oliver 0-0: Ball
1-0: Fly out, F5 (Line Drive, 5)
Batting: SHB Doyle Goodwin 0-0: Called Strike
0-1: Foul Ball, location: 2F
0-2: Ball
1-2: Foul Ball, location: 2F
1-2: Ball
2-2: Strikes out swinging
Batting: SHB Leonardo González 0-0: Ball
1-0: Ball
2-0: Hit by Pitch
Batting: SHB Paul Davenport 0-0: SINGLE (Flyball, 89M)
Leonardo González to second
Batting: LHB Juan Guzmán 0-0: Foul Ball, location: 2F
0-1: Ball
1-1: Foul Ball, location: 2F
1-2: Ball
2-2: Ball
3-2: Strikes out swinging
Bottom of the 9th over - 0 runs, 1 hit, 0 errors, 2 left on base; North Carolina State 10 - Arizona State 7
Saturday, December 16th, 2017 - OOTP Baseball 18.8 Build 76